2781 views
Uploaded 2021-09-06 23:26:09
Game version 1.32.10
3:48 long 2on2 ladder game on (4)CentaurGrove
Saved by Profited
2781 views
Uploaded 2021-09-06 23:26:09
Game version 1.32.10
3:48 long 2on2 ladder game on (4)CentaurGrove


/ 0k
13 buildings @ 1.8k
/ 0.5k

| Wisp | 11 | 660 | / | 0 |
| Archer | 3 | 390 | / | 30 |
| total: | 14 | 1050g | / | 30w |
| Altar of Elders | 1 | 180 | / | 50 |
| Moon Well | 3 | 540 | / | 120 |
| Ancient of War | 1 | 150 | / | 60 |
| Tree of Ages | 1 | 320 | / | 180 |
| total: | 5 | 870g | / | 230w |
| 0:04 | Wisp |
| 0:04 | Wisp |
| 0:08 | Altar of Elders |
| 0:11 | Moon Well |
| 0:22 | Wisp |
| 0:22 | Wisp |
| 0:23 | Wisp |
| 0:29 | Wisp |
| 0:49 | Ancient of War |
| 0:56 | Wisp |
| 0:56 | Wisp |
| 0:56 | Wisp |
| 1:21 | Wisp |
| 1:24 | Wisp |
| 1:32 | Moon Well |
| 1:49 | Archer |
| 2:08 | Evasion |
| 2:29 | Tree of Ages |
| 2:31 | Archer |
| 2:49 | Archer |
| 2:55 | Moon Well |
| Misc. action | 58 |
| Select | 46 |
| Select group | 46 |
| Right click | 32 |
| Build/train/purchase | 18 |
| Assign group | 6 |
| Use ability | 1 |

| Peasant | 8 | 600 | / | 0 |
| Footman | 4 | 540 | / | 0 |
| total: | 12 | 1140g | / | 0w |
| Altar of Kings | 1 | 180 | / | 50 |
| Farm | 4 | 320 | / | 80 |
| Barracks | 1 | 160 | / | 60 |
| Lumber Mill | 1 | 120 | / | 0 |
| Blacksmith | 1 | 140 | / | 60 |
| total: | 8 | 920g | / | 250w |
| 0:06 | Altar of Kings |
| 0:10 | Farm |
| 0:12 | Peasant |
| 0:13 | Peasant |
| 0:13 | Peasant |
| 0:16 | Peasant |
| 0:47 | Barracks |
| 1:06 | Lumber Mill |
| 1:31 | Farm |
| 1:44 | Peasant |
| 1:44 | Peasant |
| 1:44 | Peasant |
| 1:49 | Peasant |
| 2:12 | Farm |
| 2:15 | Summon Water Elemental |
| 2:57 | Farm |
| 3:11 | Blacksmith |
| 3:13 | Improved Lumber Harvesting |
| 3:20 | Footman |
| 3:20 | Footman |
| 3:20 | Footman |
| 3:21 | Footman |
| Select | 73 |
| Right click | 71 |
| Build/train/purchase | 19 |
/ 0k
18 buildings @ 2.1k
/ 0.6k

| Peasant | 7 | 525 | / | 0 |
| Footman | 7 | 945 | / | 0 |
| total: | 14 | 1470g | / | 0w |
| Scout Tower | 3 | 90 | / | 60 |
| Barracks | 1 | 160 | / | 60 |
| Farm | 5 | 400 | / | 100 |
| Altar of Kings | 1 | 180 | / | 50 |
| Lumber Mill | 1 | 120 | / | 0 |
| total: | 11 | 950g | / | 270w |
| 0:01 | Peasant |
| 0:06 | Barracks |
| 0:10 | Peasant |
| 0:18 | Farm |
| 0:30 | Peasant |
| 0:32 | Altar of Kings |
| 0:39 | Peasant |
| 0:51 | Farm |
| 1:03 | Lumber Mill |
| 1:09 | Footman |
| 1:17 | Peasant |
| 1:28 | Footman |
| 1:42 | Peasant |
| 1:50 | Footman |
| 2:00 | Farm |
| 2:12 | Footman |
| 2:24 | Farm |
| 2:36 | Summon Water Elemental |
| 2:47 | Farm |
| 2:50 | Peasant |
| 2:51 | Footman |
| 3:19 | Footman |
| 3:30 | Scout Tower |
| 3:31 | Scout Tower |
| 3:32 | Scout Tower |
| 3:46 | Footman |
| Right click | 132 |
| Select group | 95 |
| Select | 67 |
| Build/train/purchase | 20 |
| Assign group | 7 |

| Peon | 6 | 450 | / | 0 |
| Grunt | 5 | 1000 | / | 0 |
| total: | 11 | 1450g | / | 0w |
| Watch Tower | 2 | 220 | / | 160 |
| Altar of Storms | 1 | 180 | / | 50 |
| Orc Burrow | 2 | 320 | / | 80 |
| Barracks | 1 | 180 | / | 50 |
| War Mill | 1 | 205 | / | 0 |
| total: | 7 | 1105g | / | 340w |
| 0:01 | Peon |
| 0:06 | Altar of Storms |
| 0:10 | Peon |
| 0:17 | Orc Burrow |
| 0:32 | Barracks |
| 0:35 | Peon |
| 0:45 | Peon |
| 1:03 | Peon |
| 1:35 | Orc Burrow |
| 1:36 | Grunt |
| 2:03 | War Mill |
| 2:12 | Feral Spirit |
| 2:16 | Grunt |
| 2:31 | Peon |
| 2:52 | Grunt |
| 2:58 | Grunt |
| 3:22 | Watch Tower |
| 3:29 | Chain Lighting |
| 3:31 | Watch Tower |
| 3:40 | Grunt |
| Select group | 278 |
| Right click | 217 |
| Select | 65 |
| Build/train/purchase | 15 |
| Assign group | 9 |
| Minimap ping | 1 |